 Dungeon Crawl Stone Soup version 0.27.0-1-g7a089689b8 (webtiles) character file.

Game seed: 10608111748767772980

4 Spectrina the Magician (level 1, -1/15 HPs)
             Began as a Djinni Necromancer on Aug 17, 2021.
             Slain by a frilled lizard (2 damage)
             ... on level 1 of the Dungeon.
             The game lasted 00:00:28 (32 turns).

Spectrina the Magician (Djinni Necromancer)           Turns: 32, Time: 00:00:29

Health: -1/15      AC:  2    Str:  7    XL:     1   Next: 77%
Gold:   0          EV: 12    Int: 16    God:
                   SH:  0    Dex: 13

rFire    + + .     SeeInvis .   (no weapon)
rCold    x . .     Faith    .   (no shield)
rNeg     . . .     Spirit   .   a - +0 robe
rPois    ∞         Reflect  .   (no helmet)
rElec    .         Harm     .   (no cloak)
rCorr    .         Rampage  .   (no gloves)
Will     .....                  (boots unavailable)
Stlth    ++........             (no amulet)
HPRegen  0.05/turn              (no ring)
MPRegen  0.00/turn              (no ring)

@: flying
A: sickness immunity, fire resistance 2, cold vulnerability 1, float, innate
caster, hp casting, extra vitality 1
a: no special abilities


You were on level 1 of the Dungeon.
You visited 1 branch of the dungeon, and saw 1 of its levels.

Inventory:

Armour
 a - a +0 robe (worn)
Potions
 b - 2 potions of degeneration {unknown}


   Skills:
 - Level 2.1 Dodging
 - Level 1.5 Stealth
 + Level 3.4 Spellcasting


You couldn't memorise any spells.
You knew the following spells:

 Your Spells              Type           Power      Damage    Failure   Level
a - Pain                  Necr           52%        1d6       4%          1
b - Animate Skeleton      Necr           26%        N/A       4%          1
c - Vampiric Draining     Necr           6%         2d6       13%         3
d - Animate Dead          Necr           6%         N/A       38%         4
e - Agony                 Necr           13%        N/A       75%         5
Your spell library was empty.

Dungeon Overview and Level Annotations

Branches:
Dungeon (1/15)

Altars:


Innate Abilities, Weirdness & Mutations

You are immune to sickness and miasma.
You are immune to poison.
Your flesh is very heat resistant. (rF++)
You are vulnerable to cold. (rC-)
You float through the air rather than walking.
You learn spells naturally, not from books.
Your magical power is your life essence.
You have superior vitality. (+4 HP)


Message History

The dart slug writhes in agony.
Casting: Pain (safe; 4% risk of failure)
Confirm with . or Enter, or press ? or * to list all spells.
Aiming: Pain (safe; 4% risk of failure)
Press: ? - help, Shift-Dir - straight line, f/p - dart slug
Aim: a dart slug (heavily wounded, chance to affect: 83%)
The dart slug writhes in agony.
* * * LOW HITPOINT WARNING * * *
Unknown command.
Casting: Pain (safe; 4% risk of failure)
Confirm with . or Enter, or press ? or * to list all spells.
Aiming: Pain (safe; 4% risk of failure)
Press: ? - help, Shift-Dir - straight line, f/p - dart slug
Aim: a dart slug (almost dead, chance to affect: 83%)
The dart slug writhes in agony.
You kill the dart slug!
* * * LOW HITPOINT WARNING * * *
Unknown command.
The hobgoblin shouts!
You hear an angry hiss.
A frilled lizard comes into view.
You hear a shout!
Casting: Pain (safe; 4% risk of failure)
Confirm with . or Enter, or press ? or * to list all spells.
Aiming: Pain (safe; 4% risk of failure)
Press: ? - help, Shift-Dir - straight line, f - frilled lizard
Aim: a frilled lizard (chance to affect: 83%)
The frilled lizard barely resists.
* * * LOW HITPOINT WARNING * * *
Unknown command.
The hobgoblin hits your rat skeleton.
Your goblin skeleton barely misses the hobgoblin.
The hobgoblin hits your rat skeleton.
Your rat skeleton closely misses the hobgoblin.
Unknown command.
You miss the frilled lizard.
Your goblin skeleton barely misses the hobgoblin.
The hobgoblin hits your rat skeleton.
Your rat skeleton is destroyed!
The frilled lizard bites you.
You die...

####.####.#...
####.## # #.....# ##
#.....# .. ..
#.....# #.###.
#.....# ......#
#.....#
#......###.....#.#.
#......#.@..........
#.....g.l##...##.#.#
#......Z.##.#....#
...(......#....#.#
#####.#..#.###.# #
#...(#..$ .#
#..###.(†#.# #..
.#...# ... ##..


You could see a hobgoblin (ally target), a frilled lizard and a friendly goblin
skeleton.

Vanquished Creatures
  A dart slug (D:1)
  A goblin (D:1)
  A rat (D:1)
3 creatures vanquished.

Notes
Turn   | Place    | Note
-------+----------+-------------------------------------------
     0 | D:1      | Spectrina the Djinni Necromancer began the quest for the
                  | Orb.
     0 | D:1      | Reached XP level 1. HP: 15/15 MP: 0/0
    32 | D:1      | Slain by a frilled lizard

Illustrated notes

Levels and vault maps discovered:
D:1:      ncdulo_wetmaze, layout_basic, kennysheep_another_room,
          minmay_pentomino_v4

Action                   || total
-------------------------++-------
Melee: Unarmed           ||     1
 Cast: Pain              ||     7
       Animate Skeleton  ||     2
Dodge: Dodged            ||     1
